Map: Triton LE

Players

Dark - Winner!

  • Race: Zerg Zerg
  • Spawn Location: 11:00

soO

  • Race: Zerg Zerg
  • Spawn Location: 5:00

Event: 2019 WCS Global FInals

VOD

Have the link to the VOD?

Description

Time

  • Played on: Oct. 24, 2019, 3:19 a.m.
  • Length: 11:57

All games in this series

Show
View Real Time Build Order
Export as new Build Order

Dark Zerg - Winner!

Build Orders: Hatch First, Zergling Baneling 

Get SALT Encoding   

  12  0:00  Drone  
  13  0:12  Overlord  
  13  0:16  Drone  
  14  0:31  Drone x2  
  16  0:47  Hatchery  
  15  0:51  Drone  
  15  0:54  Drone  
  17  0:59  Drone  
  18  1:08  Extractor  
  17  1:13  Spawning Pool  
  17  1:16  Drone  
  17  1:18  Drone  
  18  1:27  Drone  
  19  1:39  Drone  
  20  1:50  Drone  
  21  1:59  Queen x2  
  21  2:00  Zergling x2  
  21  2:01  Overlord  
  26  2:10  Drone x2  
  26  2:13  Metabolic Boost  
  28  2:21  Drone x2  
  30  2:34  Drone  
  30  2:36  Drone  
  32  2:39  Hatchery  
  31  2:44  Queen  
  33  2:54  Drone  
  33  2:55  Baneling Nest  
  33  2:57  Overlord  
  32  2:59  Drone  
  32  3:04  Zergling x2  
  35  3:05  Drone  
  35  3:17  Drone x5  
  40  3:20  Zergling x4  
  40  3:27  Drone  
  43  3:31  Evolution Chamber  
  43  3:33  Drone  
  43  3:38  Baneling  
  43  3:46  Lair  
  43  3:47  Overlord  
  43  3:49  Extractor  
  43  3:50  Zergling x6  
  43  3:51  Overlord, Zergling x2  
  43  3:53  Baneling  
  43  3:55  Baneling  
  45  3:56  Drone x2  
  47  4:05  Zergling x6  
  49  4:10  Baneling  
  49  4:12  Drone x4  
  53  4:18  Drone  
  53  4:21  Drone x2, Extractor x2  
  54  4:28  Drone x3  
  54  4:29  Roach Warren, Baneling x2  
  54  4:30  Drone  
  57  4:34  Drone x2  
  57  4:36  Drone  
  60  4:39  Baneling x2  
  60  4:42  Drone  
  61  4:54  Drone x5  
  61  4:58  Spire  
  64  5:03  Drone x2  
  64  5:05  Overlord  
  64  5:10  Overlord  
  64  5:13  Zergling x4  
  66  5:15  Overlord  
  66  5:17  Overlord  
  66  5:18  Overlord  
  66  5:23  Overlord  
  66  5:25  Zergling x6  
  66  5:26  Zerg Melee Weapons Level 1  
  69  5:31  Extractor  
  69  5:32  Drone, Extractor  
  69  5:33  Drone x2  
  68  5:51  Baneling  
  63  6:00  Drone x2  
  63  6:01  Baneling x2  
  63  6:02  Drone x2  
  66  6:07  Overlord  
  66  6:08  Drone x2  
  66  6:10  Mutalisk  
  66  6:11  Mutalisk x5  
  69  6:12  Zergling x6  
  69  6:13  Zergling x6  
  69  6:15  Mutalisk  
  87  6:18  Mutalisk  
  87  6:22  Overlord x2  
  88  6:26  Zerg Flyer Weapons Level 1  
  88  6:33  Mutalisk  
  88  6:35  Zergling x8  
  94  6:45  Hatchery  
  94  6:46  Mutalisk x2  
  97  6:50  Drone x2  
  97  6:51  Drone  
  97  6:53  Drone x2  
  102  6:56  Mutalisk  
  102  6:59  Mutalisk  
  105  7:05  Mutalisk  
  105  7:07  Drone x5  
  112  7:12  Drone  
  112  7:13  Drone  
  114  7:24  Drone x2  
  116  7:31  Mutalisk  
  116  7:33  Overseer  
  116  7:34  Zergling x14  
  125  7:41  Mutalisk  
  127  7:44  Overlord  
  127  7:49  Mutalisk x2  
  131  7:52  Overlord, Zergling x12  
  131  7:53  Overlord  
  135  8:00  Extractor  
  135  8:04  Extractor, Zergling x10  
  137  8:17  Corruptor x7  
  151  8:27  Baneling x3  
  151  8:29  Corruptor x2  
  151  8:33  Zergling x12  
  161  8:37  Zerg Flyer Weapons Level 2  
  161  8:47  Mutalisk x2  
  165  8:49  Zergling x6  
  165  8:50  Overlord  
  165  8:54  Overlord  
  166  9:02  Hatchery  
  164  9:06  Mutalisk x3  
  164  9:09  Zergling x12  
  173  9:14  Corruptor  
  173  9:16  Zergling x2  
  173  9:17  Zergling x4  
  168  9:20  Zerg Melee Weapons Level 2  
  159  9:26  Corruptor x2  
  159  9:29  Zergling x4  
  165  9:34  Mutalisk  
  165  9:35  Mutalisk  
  169  9:42  Mutalisk x2  
  173  9:47  Drone x3  
  173  9:48  Overlord x2  
  175  9:56  Corruptor x2  
  179  10:04  Centrifical Hooks  
  175  10:09  Mutalisk x2  
  175  10:11  Mutalisk  
  175  10:12  Zergling x16  
  184  10:15  Zergling x4  
  184  10:21  Drone x4  
  190  10:26  Mutalisk x3  
  196  10:34  Mutalisk  
  198  10:38  Overlord  
  198  10:41  Extractor  
  196  10:44  Extractor  
  195  10:52  Mutalisk x2  
  198  11:15  Overlord x2  
  185  11:21  Mutalisk x7  
  183  11:27  Mutalisk x2  
  183  11:30  Zergling x26  
  187  11:33  Mutalisk  
Show
View Real Time Build Order
Export as new Build Order

soO Zerg 

Build Orders: Hatch First 

Get SALT Encoding   

  12  0:00  Drone  
  13  0:12  Overlord  
  13  0:17  Drone  
  14  0:30  Drone x2  
  16  0:47  Hatchery  
  15  0:50  Drone  
  15  0:54  Drone  
  17  0:57  Drone  
  18  1:08  Extractor  
  17  1:12  Spawning Pool  
  17  1:16  Drone  
  17  1:19  Drone  
  18  1:28  Drone  
  19  1:39  Drone  
  20  1:49  Overlord  
  20  1:58  Queen  
  20  1:59  Drone, Queen  
  20  2:01  Drone  
  26  2:09  Metabolic Boost  
  26  2:12  Drone x2  
  28  2:21  Zergling x2  
  28  2:22  Drone  
  30  2:34  Drone, Hatchery  
  30  2:37  Drone  
  30  2:43  Drone  
  32  2:47  Drone  
  32  2:50  Baneling Nest  
  32  2:52  Queen  
  35  2:58  Drone  
  35  3:01  Overlord  
  35  3:03  Drone  
  36  3:20  Zergling x10  
  36  3:22  Overlord  
  36  3:23  Overlord  
  41  3:34  Drone x2  
  41  3:38  Drone  
  44  3:41  Drone  
  44  3:46  Drone x2, Baneling x2  
  48  3:48  Drone  
  48  3:50  Drone  
  48  3:51  Evolution Chamber  
  48  3:52  Drone  
  49  3:56  Drone  
  49  4:03  Drone x2  
  49  4:07  Drone  
  52  4:16  Zergling x4  
  53  4:18  Drone x2, Baneling  
  53  4:19  Zerg Missile Weapons Level 1, Drone x2  
  53  4:21  Drone x2  
  53  4:22  Drone x4  
  53  4:23  Drone  
  64  4:24  Roach Warren  
  64  4:26  Extractor  
  64  4:28  Extractor  
  64  4:29  Zergling x4  
  62  4:37  Drone  
  65  4:45  Drone x2  
  65  4:47  Overlord  
  65  4:53  Baneling x2  
  65  4:55  Overlord  
  65  4:56  Overlord  
  65  4:57  Overlord  
  65  4:58  Overlord, Lair  
  65  4:59  Overlord  
  65  5:02  Drone x3  
  65  5:04  Drone  
  65  5:06  Drone x2  
  67  5:11  Drone x2  
  69  5:17  Drone  
  69  5:20  Drone x4  
  74  5:22  Drone  
  74  5:23  Extractor x2  
  73  5:30  Drone  
  73  5:34  Drone  
  73  5:35  Pneumatized Carapace  
  75  5:39  Roach x2  
  79  5:44  Roach  
  79  5:45  Roach  
  82  5:50  Overlord  
  80  5:57  Roach  
  80  5:58  Overlord, Roach x3  
  80  6:01  Drone  
  80  6:02  Drone, Glial Reconstitution  
  87  6:05  Extractor, Roach x2, Spire  
  87  6:06  Roach  
  87  6:08  Roach  
  87  6:10  Drone  
  87  6:11  Drone  
  95  6:15  Overseer x2  
  95  6:19  Drone x2  
  95  6:23  Overlord  
  95  6:25  Hatchery  
  96  6:30  Queen  
  98  6:33  Zerg Missile Weapons Level 2  
  98  6:38  Overlord  
  99  6:40  Spore Crawler x2, Drone x2  
  99  6:42  Drone  
  99  6:43  Spore Crawler x2  
  99  6:44  Drone  
  99  6:45  Drone  
  99  6:50  Drone x2  
  101  7:03  Overlord  
  101  7:06  Overlord  
  101  7:07  Drone x2  
  103  7:14  Overlord  
  103  7:17  Corruptor  
  103  7:18  Corruptor x4  
  103  7:19  Overlord x2  
  103  7:20  Overlord  
  113  7:26  Corruptor x2  
  117  7:38  Corruptor x2  
  117  7:40  Corruptor x2  
  117  7:42  Corruptor  
  127  7:46  Overlord  
  127  7:50  Corruptor  
  129  7:59  Corruptor x2  
  129  8:05  Overlord  
  133  8:06  Roach  
  133  8:08  Corruptor  
  133  8:10  Roach x2  
  133  8:11  Roach  
  143  8:13  Overseer  
  143  8:18  Roach x3  
  149  8:24  Overlord, Hatchery  
  148  8:29  Roach x5  
  158  8:40  Overlord  
  158  8:41  Overlord, Corruptor  
  158  8:42  Corruptor  
  158  8:46  Overlord  
  162  8:49  Overlord  
  162  8:50  Drone  
  162  8:51  Drone x3  
  162  8:54  Corruptor x2  
  170  9:02  Drone, Zerg Flyer Armor Level 1  
  155  9:03  Extractor  
  155  9:05  Drone x2, Extractor  
  153  9:11  Corruptor  
  153  9:19  Corruptor  
  153  9:21  Drone x2  
  153  9:22  Drone x2  
  149  9:30  Roach x6  
  161  9:36  Roach x4  
  169  9:41  Roach x3  
  175  9:46  Zergling x4  
  175  9:52  Corruptor  
  177  9:55  Corruptor  
  181  10:07  Corruptor x3  
  181  10:11  Drone x3  
  181  10:12  Corruptor  
  192  10:17  Baneling x3  
  192  10:19  Drone  
  192  10:21  Overseer  
  193  10:24  Corruptor  
  193  10:28  Baneling  
  195  10:36  Corruptor x2  
  197  11:13  Roach x3  
  197  11:18  Roach x9  
  199  11:20  Roach x2  
Tags
 
Add a new tag
Caveats
  • Supply blocks, unpowered buildings, or Contaminate may cause inaccurate times.
  • Supply counts are checked every 10 seconds.